 Dungeon Crawl Stone Soup version 0.19.0-19-g8c6edcc (webtiles) character file.

183 Peloso the Skirmisher (level 5, 0/46 HPs)
             Began as a Ghoul Fighter on Nov 16, 2016.
             Slain by a river rat (5 damage)
             ... summoned by Eustachio
             ... on level 4 of the Dungeon.
             The game lasted 00:06:19 (2568 turns).

Peloso the Skirmisher (Ghoul Fighter)               Turns: 2568, Time: 00:06:19

Health: 0/46       AC:  8    Str: 25    XL:     5   Next: 62%
Magic:  4/4        EV:  7    Int:  6    God:
Gold:   127        SH:  9    Dex:  9    Spells: 0 memorised, 4 levels left

rFire  . . .     SeeInvis .     a - +0 long sword
rCold  + . .     Gourm    .     b - +0 scale mail
rNeg   + + +     Faith    .     c - +0 shield
rPois  ∞         Spirit   .     (no helmet)
rElec  .         Reflect  .     (no cloak)
rCorr  .         Harm     .     k - +0 pair of gloves
MR     .....                    (no boots)
Stlth  ..........               (no amulet)
                                (no ring)
                                i - +3 ring of intelligence

@: mighty, rotting
A: rotting body, claws 1, carnivore 3, cold resistance 1, negative energy
resistance 3, slow regeneration 1, torment resistance, unbreathing
a: no special abilities


You were on level 4 of the Dungeon.
You were not hungry.

You visited 1 branch of the dungeon, and saw 4 of its levels.

You collected 127 gold pieces.

Inventory:

Hand Weapons
 a - a +0 long sword (weapon)
Armour
 b - a +0 scale mail (worn)
 c - a +0 shield (worn)
 k - a +0 pair of gloves (worn)
Jewellery
 i - a +3 ring of intelligence (left hand)
Scrolls
 e - a scroll of blinking
 m - 2 scrolls of amnesia
 n - a scroll of fog
 r - a scroll of enchant armour {unknown}
 s - 2 scrolls of teleportation {unknown}
Potions
 h - a potion of agility
 u - a potion of cancellation
 v - a potion of haste {unknown}
 x - a potion of brilliance {unknown}
 z - a potion of mutation {unknown}
Comestibles
 f - 2 meat rations
 g - 2 beef jerkies
 o - a slice of pizza
 t - a chunk of flesh
 w - a royal jelly


   Skills:
 + Level 3.8 Fighting
 + Level 3.2 Long Blades
 + Level 3.8 Armour
 + Level 0.6 Dodging
 + Level 3.4 Shields


You had 4 spell levels left.
You didn't know any spells.

Dungeon Overview and Level Annotations

Branches:
Dungeon (4/15)
 Temple: D:4-7

Altars:
Cheibriados
Nemelex Xobeh

Annotations:
D:4 Eustachio; androgeny's ghost, amateur FoFi


Innate Abilities, Weirdness & Mutations

Your body is rotting away.
You thrive on raw meat.
You are immune to poison.
You have sharp fingernails.
You are carnivorous and can eat meat at any time.
Your flesh is cold resistant. (rC+)
You are immune to negative energy. (rN+++)
You regenerate slowly when monsters are visible.
You are immune to unholy pain and torment.
You can survive without breathing.


Message History

* * * LOW HITPOINT WARNING * * *
The ufetubus barely misses you. You block the ufetubus's attack.
The shadow imp hits you but does no damage.
You slash the river rat!
The river rat is almost dead.
The ufetubus hits you but does no damage.
The ufetubus barely misses you. The river rat bites you.
* * * LOW HITPOINT WARNING * * *
The shadow imp hits you but does no damage.
The ufetubus hits you.
* * * LOW HITPOINT WARNING * * *
You block the ufetubus's attack. You block the river rat's attack.
You hit the ufetubus.
The ufetubus is lightly wounded.
You block the ufetubus's attack. The ufetubus hits you.
* * * LOW HITPOINT WARNING * * *
The shadow imp hits you but does no damage.
The ufetubus hits you but does no damage.
You block the ufetubus's attack. The river rat bites you.
You die...

######## ###5@rbr.#
##..5####'#
#####..###......#
#.@...##.........#
###...###...........# ##
#......#.......Z....#
.#####.....##...#####@!..+
...........# ...#...s#...#
.#######...# ...#(#a#..$$#


You could see Eustachio, a river rat, a shadow imp, an ufetubus, a bat and a
rat.

Vanquished Creatures
  A centaur skeleton (D:4)
  An orc wizard (D:2)
  5 adders
  An ooze (D:1)
  A worm (D:2)
  3 dart slugs
  6 orcs
  4 giant cockroaches
  6 goblins
  10 hobgoblins
  2 jackals (D:2)
  11 kobolds
  A quokka (D:3)
  A bat (D:3)
  7 frilled lizards
  4 rats
64 creatures vanquished.

Notes
Turn   | Place    | Note
-------+----------+-------------------------------------------
     0 | D:1      | Peloso the Ghoul Fighter began the quest for the Orb.
     0 | D:1      | Reached XP level 1. HP: 19/19 MP: 0/0
   205 | D:1      | Reached XP level 2. HP: 25/25 MP: 1/1
   622 | D:1      | Found a sparkling altar of Nemelex Xobeh.
   666 | D:1      | Reached XP level 3. HP: 14/31 MP: 2/2
  1328 | D:2      | Reached XP level 4. HP: 18/40 MP: 3/3
  2077 | D:3      | Reached XP level 5. HP: 43/46 MP: 4/4
  2246 | D:3      | Found a snail-covered altar of Cheibriados.
  2404 | D:4      | Noticed an ogre
  2433 | D:4      | Noticed androgeny's ghost (amateur FoFi)
  2494 | D:4      | Noticed Eustachio
  2568 | D:4      | Slain by a river rat

Skill      XL: |  1  2  3  4 |
---------------+-------------+-----
Armour         | 3 |  3.8
Long Blades    | 2 3 |  3.2
Shields        | 3 |  3.4
Fighting       | |  3.8
Dodging        | |  0.6

Action                   |  1- 3 |  4- 6 || total
-------------------------+-------+-------++-------
Melee: Long sword        |   105 |   216 ||   321
  Use: Scroll            |       |     8 ||     8
       Potion            |       |     1 ||     1
  Eat: Chunk             |     7 |    10 ||    17
Armor: Scale mail        |    42 |   100 ||   142
Dodge: Dodged            |    17 |    78 ||    95
Block: Shield            |    49 |   145 ||   194
       Rpst.: Long sword |     5 |    23 ||    28
